 Dungeon Crawl Stone Soup version 0.25-a0-785-gb22c70e859 (webtiles) character file.

Game seed: 4114043751772932803, levelgen mode: deterministic

65 mortelune the Bolt Thrower (level 4, -5/27 HPs)
             Began as a Kobold Hunter on Apr 17, 2020.
             Slain by Natasha (8 damage)
             ... on level 2 of the Dungeon.
             The game lasted 00:01:51 (1390 turns).

mortelune the Bolt Thrower (Kobold Hunter)          Turns: 1390, Time: 00:01:52

Health: -5/27      AC:  6    Str: 10    XL:     4   Next: 34%
Magic:  4/4        EV: 11    Int: 12    God:
Gold:   66         SH:  0    Dex: 15    Spells: 3/3 levels left

rFire    . . .     SeeInvis .   a - +1 hand crossbow
rCold    . . .     Gourm    .   (shield restricted)
rNeg     . . .     Faith    .   l - +0 scale mail
rPois    .         Spirit   .   (no helmet)
rElec    .         Reflect  .   (no cloak)
rCorr    .         Harm     .   (no gloves)
MR       .....                  (no boots)
Stlth    ..........             (no amulet)
HPRegen  0.09/turn              (no ring)
MPRegen  0.09/turn              (no ring)

@: no status effects
A: small, carnivore
a: no special abilities


You were on level 2 of the Dungeon.
You were full.

You visited 1 branch of the dungeon, and saw 2 of its levels.

You collected 66 gold pieces.

Inventory:

Hand Weapons
 a - a +1 hand crossbow (weapon)
 b - a +0 short sword
Missiles
 d - 12 bolts (quivered)
Armour
 c - a +0 leather armour
 l - a +0 scale mail (worn)
Scrolls
 e - a scroll of identify {unknown}
 j - a scroll of enchant armour {unknown}
Potions
 g - a potion of stabbing {unknown}
 h - a potion of curing {unknown}
 i - 2 potions of invisibility {unknown}
 k - a potion of lignification {unknown}
 m - a potion of flight {unknown}
Comestibles
 f - 8 rations


   Skills:
 + Level 2.8 Fighting
 + Level 1.9 Short Blades
 * Level 5.6 Crossbows
 + Level 3.1 Dodging
 - Level 1.3 Stealth


You had 3 spell levels left.
You didn't know any spells.
Your spell library was empty.

Dungeon Overview and Level Annotations

Branches:
Dungeon (2/15)

Altars:

Annotations:
D:2 Natasha


Innate Abilities, Weirdness & Mutations

You are small and have problems with some larger weapons.
You are carnivorous and can eat meat at any time.


Message History

Natasha hisses angrily.
The bolt hits Natasha.
Natasha is heavily wounded.
Firing (i - inventory)
d - 14 bolts (quivered)
Press: ? - help, Shift-Dir - straight line, f/p - Natasha
Aim: Natasha (heavily wounded)
You shoot a bolt. The bolt hits Natasha.
Natasha is almost dead.
Natasha mumbles some strange words.
Natasha shimmers violently.
Natasha claws you.
* * * LOW HITPOINT WARNING * * *
Firing (i - inventory)
d - 13 bolts (quivered)
Press: ? - help, Shift-Dir - straight line, f/p - Natasha
Aim: Natasha (almost dead)
You shoot a bolt.
The bolt hits Natasha but does no damage.
Natasha is almost dead.
Natasha claws you!
You die...

## ... ...######
#.......# ####
#.......# ########...#
#.#.....###.....@h.#
............######((.#
#...#...##### #.##
........# ...
..#.....# .##
........# #.
.####.#.######### .#
................# #
#####.#.#.<.....#


You could see Natasha.

Vanquished Creatures
  Natasha (D:2)
  An adder (D:2)
  3 dart slugs
  A leopard gecko (D:1)
  3 goblins
  4 hobgoblins (D:1)
  3 jackals (D:1)
  2 kobolds
  3 bats (D:1)
  3 rats
24 creatures vanquished.

Notes
Turn   | Place    | Note
-------+----------+-------------------------------------------
     0 | D:1      | mortelune the Kobold Hunter began the quest for the Orb.
     0 | D:1      | Reached XP level 1. HP: 12/12 MP: 1/1
   139 | D:1      | Reached skill level 5 in Crossbows
   182 | D:1      | Reached XP level 2. HP: 18/18 MP: 2/2
   285 | D:1      | Reached skill level 1 in Short Blades
   567 | D:1      | Reached XP level 3. HP: 20/22 MP: 3/3
  1335 | D:2      | Noticed Natasha
  1343 | D:2      | Killed Natasha
  1343 | D:2      | Reached XP level 4. HP: 4/27 MP: 4/4
  1387 | D:2      | Noticed Natasha
  1390 | D:2      | Slain by Natasha

Levels and vault maps discovered:
D:1:      sevenhm_arrival_forest_fort_large_4, layout_basic
D:2:      layout_loops_cross, uniq_terence, uniq_natasha

Skill      XL: |  1  2  3 |
---------------+----------+-----
Crossbows      | 5 |  5.6
Short Blades   | 1 |  1.9
Dodging        | 3 |  3.1
Fighting       | |  2.8
Stealth        | |  1.3

Action                   |  1- 3 |  4- 6 || total
-------------------------+-------+-------++-------
Melee: Short sword       |    63 |       ||    63
 Fire: Hand crossbow     |    22 |     3 ||    25
  Eat: Chunk             |     6 |       ||     6
Armor: Leather armour    |    10 |       ||    10
       Scale mail        |     1 |       ||     1
Dodge: Dodged            |    60 |       ||    60

Table legend:
 A = Non-vault XP
 B = Vault XP
 C = Vault XP percentage of total XP
 D = Non-vault monster count
 E = Vault monster count
 F = Vault count percentage of total count
                 A         B        C        D         E       F
            +---------+---------+-------+---------+---------+-------
      Total |      57 |      36 |  38.7 |      23 |       1 |   4.2
            +---------+---------+-------+---------+---------+-------
        D:1 |      37 |       0 |   0.0 |      18 |       0 |   0.0
        D:2 |      20 |      36 |  64.3 |       5 |       1 |  16.7
            +---------+---------+-------+---------+---------+-------
